 Dungeon Crawl Stone Soup version 0.17.2-1-ge4368a0 (webtiles) character file.

757 Goblin1989 the Cleaver (level 7, -2/50 HPs)
             Began as a Demonspawn Gladiator on Aug 18, 2016.
             Was an Initiate of Ru.
             Killed by divine providence
             ... invoked by an orc priest
              (10 damage)
             ... on level 5 of the Dungeon.
             The game lasted 00:05:54 (3632 turns).

Goblin1989 the Cleaver (Demonspawn Gladiator)       Turns: 3632, Time: 00:05:54

Health: -2/50      AC:  9    Str: 18    XL:     7   Next: 50%
Magic:  7/7        EV: 12    Int:  9    God:    Ru [......]
Gold:   165        SH:  0    Dex: 13    Spells: 0 memorised, 6 levels left

rFire  . . .     SeeInvis .     a - +0 war axe
rCold  + . .     Clarity  .     k - +2 scale mail {rC+}
rNeg   . . .     SustAt   .     (no shield)
rPois  .         Gourm    .     c - +0 helmet
rElec  .         Spirit   .     (no cloak)
rCorr  .         Warding  .     (no gloves)
rMut   .         Stasis   .     (boots unavailable)
MR     .....                    (no amulet)
Stlth  ..........               (no ring)
                                d - +4 ring of slaying

@: not resistant to hostile enchantments, extremely unstealthy
A: talons 3, repulsion field 1
a: Renounce Religion


You were on level 5 of the Dungeon.
You worshipped Ru.
Ru was noncommittal.
You were hungry.

You visited 2 branches of the dungeon, and saw 6 of its levels.

You collected 165 gold pieces.

Inventory:

Hand Weapons
 a - a +0 war axe (weapon)
Armour
 c - a +0 helmet (worn)
 k - a +2 scale mail of cold resistance (worn)
Jewellery
 d - a +4 ring of slaying (left hand)
Scrolls
 f - 2 scrolls of fog {unknown}
 h - a scroll of enchant armour {unknown}
 j - a scroll of magic mapping {unknown}
 m - 2 scrolls of identify {unknown}
 n - 2 scrolls of enchant weapon {unknown}
 r - a scroll of blinking {unknown}
Potions
 g - 2 potions of mutation {unknown}
 i - 2 potions of flight {unknown}
 o - 3 potions of heal wounds
 p - a potion of curing {unknown}
 q - a potion of brilliance {unknown}
 t - a potion of poison {unknown}
Books
 s - a book of Envenomations

   Spells                             Type                      Level
   a - Spider Form                    Transmutation/Poison         3
   b - Alistair's Intoxication        Transmutation/Poison         4
   c - Olgreb's Toxic Radiance        Poison                       4
   d - Poisonous Cloud                Conjuration/Poison/Air       6
Comestibles
 b - 2 beef jerkies
 e - 3 bread rations
 l - a meat ration


   Skills:
 - Level 2.0 Fighting
 + Level 8.2 Axes
 - Level 1.7 Throwing
 - Level 2.6 Dodging


You had 6 spell levels left.
You didn't know any spells.

Dungeon Overview and Level Annotations

Branches:
Dungeon (5/15)             Temple (1/1) D:4

Altars:
Cheibriados
Dithmenos
Kikubaaqudgha
Makhleb
Nemelex Xobeh
Qazlal
Ru
Trog
Vehumet
Yredelemnul
Zin
The Shining One

Annotations:
D:3 Terence


Innate Abilities, Weirdness & Mutations

You have claws for feet.
You are surrounded by a mild repulsion field (EV +2).


Message History

The magic dart hits you!
You take 12 damage, and have 16/50 hp.
MASSIVE DAMAGE!!
The orc wizard casts a spell.
The orc wizard blinks!
The hound barely misses you.
You closely miss the hound. You claw the hound.
The hound is moderately wounded.
The hound closely misses you. The hound bites you.
* * * LOW HITPOINT WARNING * * *
You take 1 damage, and have 15/50 hp.
You are feeling hungry.
You miss the hound.
The hound is moderately wounded.
You hit the orc wizard but do no damage.
The orc wizard hits you with a dagger.
* * * LOW HITPOINT WARNING * * *
The hound bites you.
* * * LOW HITPOINT WARNING * * *
The orc priest mumbles some strange prayers to Beogh against you.
Something smites you!
You die...

#.###.. #.
#...#.# #.# #...#
##.##.#
##o.#####....##..
##....#....# ##.
#l)##.#.### #.
#o###.....## #.
#o#
#...#..######.
#@#
#.####.#......
#h# #.#
#.....#### ..#
..# #.###.###
#.....## #. #...#
##.... .. ###...
...#. ..# ##.
.### .. # .##


You could see a hound, an orc priest, an orc wizard, an orc and a giant gecko.

Vanquished Creatures
  3 ogres
  Blork the orc (D:4)
  2 scorpions (D:4)
  A centaur zombie (D:5)
  An orc wizard (D:4)
  An orc priest (D:4)
  Natasha (thrice) (D:4)
  An iguana (D:4)
  A worker ant (D:4)
  9 adders
  2 worms
  7 giant geckos
  5 orcs (D:4)
  6 bats
  2 giant cockroaches (D:2)
  4 goblins
  6 hobgoblins
  2 jackals (D:2)
  8 kobolds
  2 ball pythons
  5 giant newts
  2 quokkas
  7 rats
81 creatures vanquished.

Notes
Turn   | Place    | Note
--------------------------------------------------------------
     0 | D:1      | Goblin1989 the Demonspawn Gladiator began the quest for the Orb.
     0 | D:1      | Reached XP level 1. HP: 16/16 MP: 1/1
   116 | D:1      | Reached skill level 3 in Axes
   165 | D:1      | Gained mutation: You are surrounded by a mild repulsion field (EV +2). [demonic ancestry]
   165 | D:1      | Reached XP level 2. HP: 11/22 MP: 2/2
  1061 | D:2      | Gained mutation: You have sharp toenails. [demonic ancestry]
  1061 | D:2      | Reached XP level 3. HP: 27/27 MP: 3/3
  1118 | D:2      | Reached skill level 4 in Axes
  1399 | D:2      | Reached XP level 4. HP: 19/33 MP: 4/4
  2052 | D:3      | Noticed Terence
  2093 | D:3      | Reached skill level 5 in Axes
  2398 | D:4      | Noticed an ogre
  2404 | D:4      | Killed an ogre
  2404 | D:4      | Gained mutation: You have razor-sharp toenails. [demonic ancestry]
  2404 | D:4      | Reached XP level 5. HP: 38/38 MP: 5/5
  2433 | D:4      | Reached skill level 6 in Axes
  2593 | D:4      | Reached XP level 6. HP: 44/44 MP: 6/6
  2639 | D:4      | Noticed Blork the orc
  2647 | D:4      | Killed Blork the orc
  2881 | D:4      | Found a staircase to the Ecumenical Temple.
  2934 | Temple   | Entered the Ecumenical Temple
  2987 | Temple   | Became a worshipper of Ru the Awakened
  3076 | D:4      | Reached skill level 7 in Axes
  3134 | D:4      | Noticed Natasha
  3138 | D:4      | Killed Natasha
  3223 | D:4      | Noticed an ogre
  3233 | D:4      | Gained mutation: You have claws for feet. [demonic ancestry]
  3233 | D:4      | Reached XP level 7. HP: 35/50 MP: 7/7
  3234 | D:4      | Killed an ogre
  3388 | D:4      | Noticed Natasha
  3391 | D:4      | Killed Natasha
  3400 | D:4      | Noticed Natasha
  3405 | D:4      | Killed Natasha
  3461 | D:5      | Entered Level 5 of the Dungeon
  3625 | D:5      | Reached skill level 8 in Axes
  3632 | D:5      | Killed from afar by an orc priest

Action                   |  1- 3 |  4- 6 |  7- 9 || total
-------------------------+-------+-------+-------++-------
Melee: War axe           |   131 |   119 |    31 ||   281
Throw: Throwing net      |       |     3 |       ||     3
 Stab: Sleeping          |     1 |       |       ||     1
  Eat: Fruit             |       |     3 |       ||     3
       Chunk             |       |     5 |     1 ||     6
